 Dungeon Crawl Stone Soup version 0.29.0-11-gd7f09526c8 (webtiles) character file.

Game seed: 5210290062685841339

3491 concernfroge the Spear-Bearer (level 8, -3/65 HPs)
             Began as a Mummy Monk on Sept 3, 2022.
             Was an Elder of Ru.
             Killed from afar by an acid dragon (25 damage)
             ... with a splash of acid
             ... on level 9 of the Dungeon.
             The game lasted 00:25:32 (9424 turns).

concernfroge the Spear-Bearer (Mummy Monk)          Turns: 9424, Time: 00:25:32

Health: -3/65      AC: 10    Str: 18    XL:     8   Next: 80%
Magic:  8/8        EV:  8    Int:  9    God:    Ru [****..]
Gold:   422        SH:  0    Dex: 21    Spells: 7/7 levels left

rFire   x . .      SeeInvis +   t - +4 halberd (freeze)
rCold   + . .      Faith    .   (shield currently unavailable)
rNeg    + + +      Spirit   .   e - +0 chain mail
rPois   ∞          Reflect  .   k - +0 helmet
rElec   .          Harm     .   (no cloak)
rCorr   .          Rampage  .   (no gloves)
Will    +....                   i - +0 pair of boots
Stlth   ..........              (no amulet)
HPRegen 0.20/turn               s - ring of see invisible
MPRegen 0.11/turn               r - +6 ring of dexterity

@: no status effects
A: cold resistance 1, negative energy resistance 3, torment resistance 2, heat
vulnerability 1, inability to use devices, inexperienced 1, in touch with death
1, no potions
a: Renounce Religion, Draw Out Power, Power Leap


You were on level 9 of the Dungeon.
You worshipped Ru.
Ru was greatly pleased with you.
You visited 2 branches of the dungeon, and saw 10 of its levels.

You collected 422 gold pieces.

Inventory:

Hand Weapons
 g - a +0 trident of protection
 t - a +4 halberd of freezing (weapon)
Missiles
 m - 5 javelins (quivered)
Armour
 e - a +0 chain mail (worn)
 i - a +0 pair of boots (worn)
 k - a +0 helmet (worn)
 n - a +0 buckler
Jewellery
 d - a ring of ice
 r - a +6 ring of dexterity (right hand)
 s - a ring of see invisible (left hand)
Scrolls
 a - a scroll of summoning
 c - a scroll of enchant armour {unknown}
 f - 7 scrolls of identify
 j - a scroll of magic mapping
 o - a scroll of enchant weapon
 p - a scroll of vulnerability {unknown}
 q - a scroll of blinking


   Skills:
 - Level 6.4 Fighting
 + Level 11.1 Polearms
 - Level 2.4 Dodging
 - Level 1.5 Stealth


You had 7 spell levels left.
You didn't know any spells.
Your spell library contained the following spells:

 Spells                   Type           Power      Damage    Failure   Level
 Magic Dart               Conj           0%         1d3       100%        1
 Necrotise                Necr           0%         1d4       100%        1
 Sandblast                Erth           0%         2d4       100%        1
 Passwall                 Tmut/Erth      0%         N/A       100%        2
 Searing Ray              Conj           0%         2d4       100%        2
 Static Discharge         Conj/Air       0%         3-3/arc   100%        2
 Call Canine Familiar     Summ           0%         N/A       100%        3
 Ignite Poison            Fire/Tmut/Pois 0%         N/A       100%        3
 Mephitic Cloud           Conj/Pois/Air  0%         N/A       100%        3
 Portal Projectile        Hex/Tloc       0%         N/A       100%        3
 Stone Arrow              Conj/Erth      0%         3d7       100%        3
 Summon Guardian Golem    Hex/Summ       0%         N/A       100%        3
 Vampiric Draining        Necr           0%         2d6       100%        3
 Dispel Undead            Necr           0%         3d6       100%        4
 Fulminant Prism          Conj/Hex       0%         3d6       100%        4
 Leda's Liquefaction      Hex/Erth       0%         N/A       100%        4
 Sticky Flame             Conj/Fire      0%         2d3       100%        4
 Agony                    Necr           0%         N/A       100%        5
 Freezing Cloud           Conj/Ice/Air   0%         6-21      100%        5
 Lightning Bolt           Conj/Air       0%         1d11      100%        5
 Orb of Destruction       Conj           0%         9d5       100%        7
 Spellforged Servitor     Conj/Summ      0%         N/A       100%        7
 Maxwell's Capacitive Co  Air            0%         ∞         100%        8


Dungeon Overview and Level Annotations

Branches:
Dungeon (9/15)             Temple (1/1) D:5
   Lair: D:8-11         Orc: D:9-12

Altars:
Ashenzari
Cheibriados
Dithmenos
Fedhas
Gozag
Hepliaklqana
Kikubaaqudgha
Makhleb
Nemelex Xobeh
Okawaru
Qazlal
Ru
Trog
Uskayaw
Vehumet
Wu Jian
Xom
Yredelemnul

Annotations:
D:6 Maggie


Innate Abilities, Weirdness & Mutations

You are immune to poison.
Your flesh is cold resistant. (rC+)
You are immune to negative energy. (rN+++)
You are immune to unholy pain and torment.
You are vulnerable to heat. (rF-)
You cannot study or use magical devices.
You are somewhat inexperienced. (-1 XL)
You are in touch with the powers of death.
You do not drink.


Message History

You are too injured to fight recklessly!
You are too injured to fight recklessly!
You are too injured to fight recklessly!
Reach: t) +4 halberd (freeze)
Press: ? - help, Dir - move target, f - gnoll sergeant, p - acid dragon
Aim: a gnoll sergeant, wielding a +0 spear and wearing a +0 scale mail (severely wounded, poisoned, about 25% to evade your +4 halberd of freezing)
You reach to attack!
You puncture the gnoll sergeant! You freeze the gnoll sergeant.
You kill the gnoll sergeant!
Aiming: Power Leap
Press: ? - help, Dir - move target, f - gnoll
Aim: a gnoll, wielding a +0 spear (moderately wounded, poisoned)
You can't leap on top of the monster!
Aiming: Power Leap
Press: ? - help, Dir - move target, p - gnoll
Okay, then.
Reach: t) +4 halberd (freeze)
Press: ? - help, Dir - move target, f - acid dragon, p - gnoll
Aim: an acid dragon (about 31% to evade your +4 halberd of freezing)
You reach to attack!
You hit the acid dragon. You freeze the acid dragon.
The acid dragon is lightly wounded.
The gnoll looks more healthy.
Aiming: Power Leap
Press: ? - help, Dir - move target, f - gnoll, p - acid dragon
Aim: a gnoll, wielding a +0 spear (moderately wounded)
Okay, then.
You barely miss the acid dragon.
The acid dragon is lightly wounded.
The acid dragon barely misses you.
The acid dragon claws you but does no damage.
The gnoll hits you from afar with a +0 spear.
You focus your inner power and illuminate the gnoll in retribution!
You closely miss the acid dragon.
The acid dragon is lightly wounded.
The acid dragon bites you.
The acid dragon claws you but does no damage.
The gnoll hits you from afar with a +0 spear.
The acid dragon spits acid at you. The splash of acid hits you!!
You die...

####### #.....#
#.<...# . +.....#
....#######)#####...
..((..ggD.@.[.....#
......g#............
.......#.....###....
.......#.....# ...
.......#.....# .
.......#.....#
.......#..>......
.................
###########


You could see an acid dragon (catching breath) and 3 gnolls.

Vanquished Creatures
  Joseph (D:7)
  A hornet (D:8)
  Eustachio (D:4)
  2 steam dragons
  A water moccasin (D:6)
  2 ogres
  5 centaurs
  3 phantoms
  A kobold brigand (D:7)
  2 bullfrogs (D:8)
  2 gnoll sergeants (D:9)
  4 scorpions
  3 wights (D:6)
  3 killer bees (D:5)
  A howler monkey (D:6)
  3 hounds
  3 orc priests
  A jelly (D:6)
  An iguana (D:7)
  4 orc wizards
  14 gnolls
  10 adders
  A shadow imp (D:3)
  An ufetubus (D:5)
  4 worms
  2 dart slugs
  13 orcs
  14 ball pythons
  6 endoplasms
  5 giant cockroaches
  11 goblins
  5 hobgoblins
  4 jackals
  7 quokkas
  4 bats
  3 frilled lizards
  12 kobolds
  5 rats
165 creatures vanquished.

Vanquished Creatures (others)
  A swamp worm (D:8)
  A killer bee (D:5)
  A fungus (D:5)
  3 plants (D:8)
6 creatures vanquished.

Grand Total: 171 creatures vanquished

Notes
Turn   | Place    | Note
-------+----------+-------------------------------------------
     0 | D:1      | concernfroge the Mummy Monk began the quest for the Orb.
     0 | D:1      | Reached XP level 1. HP: 18/18 MP: 1/1
   108 | D:1      | Reached XP level 2. HP: 17/24 MP: 2/2
   508 | D:1      | You fall into a shaft and drop 1 floor!
   779 | D:2      | Gained mutation: You are in touch with the powers of death.
                  | [Mummy growth]
   779 | D:2      | Reached XP level 3. HP: 31/31 MP: 3/3
  1072 | D:2      | Reached XP level 4. HP: 34/38 MP: 4/4
  1136 | D:2      | Reached skill level 5 in Fighting
  1301 | D:2      | Found a faded altar of an unknown god.
  2619 | D:3      | Reached XP level 5. HP: 46/46 MP: 5/5
  3594 | D:4      | Noticed an ogre
  3601 | D:4      | Killed an ogre
  3602 | D:4      | Reached skill level 3 in Polearms
  3602 | D:4      | Reached XP level 6. HP: 24/53 MP: 6/6
  3881 | D:4      | Noticed Eustachio
  4375 | D:4      | Killed Eustachio
  4376 | D:4      | Reached skill level 4 in Polearms
  4451 | D:4      | Found a sacrificial altar of Ru.
  4466 | D:4      | Became a worshipper of Ru the Awakened
  4474 | D:4      | Gained mutation: You cannot study or use magical devices.
                  | [Ru sacrifice]
  4474 | D:4      | Reached * piety under Ru
  4474 | D:4      | Reached ** piety under Ru
  4520 | D:5      | Entered Level 5 of the Dungeon
  4544 | D:5      | Reached XP level 7. HP: 54/59 MP: 7/7
  4604 | D:5      | Found a staircase to the Ecumenical Temple.
  4640 | Temple   | Entered the Ecumenical Temple
  4643 | Temple   | Reached skill level 5 in Polearms
  5176 | D:5      | Reached skill level 6 in Polearms
  5261 | D:5      | Reached XP level 8. HP: 46/65 MP: 8/8
  5687 | D:5      | Identified the +1 leather armour "Mociech" {rC+ rCorr}
  5927 | D:6      | Reached skill level 7 in Polearms
  6308 | D:6      | Reached skill level 8 in Polearms
  6781 | D:6      | Noticed Maggie
  7132 | D:7      | Reached skill level 9 in Polearms
  7195 | D:7      | Reached XP level 9. HP: 54/71 MP: 9/9
  7342 | D:7      | Noticed Joseph
  7356 | D:7      | Killed Joseph
  7653 | D:7      | Found a broken altar of Ashenzari.
  8079 | D:8      | Reached skill level 10 in Polearms
  8722 | D:8      | Gained mutation: You are somewhat inexperienced. (-1 XL)
                  | [Ru sacrifice]
  8722 | D:8      | Reached XP level 8. HP: 65/65 MP: 8/8
  8722 | D:8      | Reached *** piety under Ru
  8722 | D:8      | Reached **** piety under Ru
  8862 | D:8      | Found a blossoming altar of Fedhas.
  9333 | D:9      | Reached skill level 11 in Polearms
  9424 | D:9      | Killed from afar by an acid dragon

Illustrated notes

Levels and vault maps discovered:
D:1:      nzn_arrival_depleted_hourglass, layout_loops_ring, serial_shops,
          nicolae_square_shop, chequers_serial_rivers_marsh, lemuel_old_faithful
D:2:      layout_loops_ring, basic_ecumenical_altar, skrybe_limestone_x
D:3:      layout_basic, grunt_decor_cap, minmay_misc_feat_x,
          minmay_divided_ellipse
D:4:      layout_loops_ring, tso_altar, nicolae_ru_great_annihilating_truth,
          corexii_hall_statues_l, uniq_eustachio
D:5:      old_forge, layout_gridville, minmay_temple_entry_mist,
          kennysheep_cluttered_room
D:6:      layout_loops_corners, led_sif_pool, minivault_5, uniq_maggie
D:7:      layout_loops_ring, nicolae_ashenzari_panopticon, hex_tiny, uniq_joseph
D:8:      layout_basic, fedhas_altar_fruit_tree, worms_lemuel
D:9:      layout_stronghold, uniq_maurice
Temple:   bh_familiar_temple

Skill      XL: |  1  2  3  4  5  6  7  8  9 |
---------------+----------------------------+-----
Fighting       | 4 5 6 |  6.4
Polearms       | 3 4 6 11 10 | 11.1
Dodging        | |  2.4
Stealth        | |  1.5

Action                   |  1- 3 |  4- 6 |  7- 9 || total
-------------------------+-------+-------+-------++-------
Melee: Spear             |   128 |   284 |       ||   412
       Punch             |       |     3 |       ||     3
       Halberd           |       |    71 |   230 ||   301
Throw: Dart              |       |    11 |    21 ||    32
Invok: Sacrifice Artific |       |     1 |       ||     1
       Power Leap        |       |       |     2 ||     2
       Sacrifice Experie |       |       |     1 ||     1
  Use: Scroll            |       |    11 |     4 ||    15
 Stab: Sleeping          |     1 |     1 |       ||     2
       Invisible         |       |     1 |     2 ||     3
       Paralysed         |       |     1 |       ||     1
       Held in net/web   |       |       |     1 ||     1
       Distracted        |       |       |     2 ||     2
Armor: Robe              |     7 |       |       ||     7
       Ring mail         |    16 |    74 |       ||    90
       Chain mail        |       |    86 |    92 ||   178
Dodge: Dodged            |    51 |   162 |    77 ||   290
